 Dungeon Crawl Stone Soup version 0.29.0-4-gdea44cf6ec (webtiles) character file.

Game seed: 13221008840819038209

297 qw the Chopper (level 6, 0/35 HPs)
             Began as a Tengu Warper on Aug 28, 2022.
             Slain by an ogre
             ... wielding a +0 giant club
              (14 damage)
             ... on level 4 of the Dungeon.
             The game lasted 00:00:19 (3701 turns).

qw the Chopper (Tengu Warper)                       Turns: 3701, Time: 00:00:19

Health: 0/35       AC:  5    Str: 14    XL:     6   Next: 35%
Magic:  10/10      EV: 14    Int: 13    God:
Gold:   140        SH:  0    Dex: 19    Spells: 9/9 levels left

rFire   . . .      SeeInvis .   Y - +0 war axe
rCold   . . .      Faith    .   (no shield)
rNeg    . . .      Spirit   .   f - +0 ring mail
rPois   .          Reflect  .   (helmet restricted)
rElec   .          Harm     .   (no cloak)
rCorr   .          Rampage  .   (no gloves)
Will    .....                   (boots unavailable)
Stlth   +.........              (no amulet)
HPRegen 0.11/turn               h - +6 ring of dexterity
MPRegen 0.12/turn               (no ring)

@: flying quickly and evasively, quick
A: beak, talons 3, nimble flight
a: no special abilities


You were on level 4 of the Dungeon.
You visited 1 branch of the dungeon, and saw 4 of its levels.

You collected 140 gold pieces.


Innate Abilities, Weirdness & Mutations

You have a beak for a mouth.
You have claws for feet.
Your magical nature lets you fly swiftly and evasively.


   Skills:
 - Level 2.0 Fighting
 + Level 6.7 Axes
 - Level 1.0 Throwing
 - Level 1.1 Armour
 - Level 3.2 Dodging
 - Level 2.0 Spellcasting
 - Level 2.4 Translocations


You had 9 spell levels left.
You didn't know any spells.
Your spell library contained the following spells:

 Spells                   Type           Power      Damage    Failure   Level
 Blink                    Tloc           14%        N/A       30%         2
 Gell's Gravitas          Tloc           7%         N/A       52%         3
 Lesser Beckoning         Tloc           7%         N/A       52%         3
 Teleport Other           Tloc           7%         N/A       52%         3
 Manifold Assault         Tloc           7%         N/A       99%         5

Inventory:

Hand Weapons
 a - a +0 flail
 Y - a +0 war axe (weapon)
Armour
 f - a +0 ring mail (worn)
Jewellery
 b - a ring of ice
 h - a +6 ring of dexterity (left hand)
Scrolls
 g - a scroll of teleportation
Potions
 c - a potion of attraction {unknown}
 d - a potion of lignification {unknown}
 e - 2 potions of flight {unknown}
 i - a potion of might {unknown}
 j - 2 potions of degeneration {unknown}
 k - a potion of mutation {unknown}

Dungeon Overview and Level Annotations

Branches:
Dungeon (4/15)
 Temple: D:4-7

Altars:
Dithmenos
Elyvilon
Vehumet
Wu Jian
Xom

Annotations:
D:4 Edmund


Message History

The adder bites you but does no damage. The adder misses you.
You slash the adder!
You kill the adder!
You start resting.
HP restored.
Found a stone staircase leading up.
Enter note:
Enter note:
Found a book of Dangerous Friends.
Edmund the Younger comes into view.
He is wielding a +1 vorpal dire flail.
Found a scroll labelled KOITUBB RIAC.
Edmund shouts!
You hear a shout!
An ogre comes into view. It is wielding a +0 giant club.
The ogre shouts!
A black bear comes into view.
The black bear growls angrily.
You hit Edmund.
Edmund is lightly wounded.
Edmund hits you with a +1 vorpal dire flail!
A worm comes into view.
You hit Edmund.
Edmund is moderately wounded.
Edmund closely misses you. Edmund barely misses you.
An endoplasm comes into view.
The endoplasm quivers.
You slash Edmund! You claw Edmund, but do no damage.
You peck Edmund, but do no damage.
Edmund is heavily wounded.
Edmund completely misses you.
You barely miss Edmund. You peck Edmund.
Edmund is heavily wounded.
You hit the ogre.
Edmund hits you with a +1 vorpal dire flail!
The endoplasm jiggles.
The ogre misses you.
You slash Edmund! You claw Edmund. You peck Edmund.
Edmund is severely wounded.
You hit the ogre. Edmund barely misses you.
The ogre hits you with a +0 giant club!
You die...

..# #' #.###.
...........#.######.###.
......<....#......#.#../
.......w..........#.#...
...J..............#.#...
.............>....#.#...
.................%..#...
......@h........###..###
......O@.......## #...##
..............## #.#..#
?............######.##..
.............###...[####
...........#.##.....####
#..........#.##.....'...
##.......#.#.##.....####
.:.....##.#.##.....###
#.......##


You could see Edmund, a black bear, an ogre, a worm and an endoplasm.

Vanquished Creatures
  A scorpion (D:4)
  A jelly (D:4)
  2 orc wizards
  9 adders
  A dart slug (D:2)
  7 orcs
  5 ball pythons
  5 bats
  7 endoplasms
  A giant cockroach (D:3)
  6 goblins
  6 hobgoblins
  4 kobolds (D:1)
  A quokka (D:3)
  5 frilled lizards
  4 rats
65 creatures vanquished.

Vanquished Creatures (others)
  5 plants (D:4)
5 creatures vanquished.

Grand Total: 70 creatures vanquished

Notes
Turn   | Place    | Note
-------+----------+-------------------------------------------
     0 | D:1      | qw the Tengu Warper began the quest for the Orb.
     0 | D:1      | Reached XP level 1. HP: 12/12 MP: 4/4
     0 | D:1      | 0 ||| qw: Version: 0.1-a-89-g26bdef1
     0 | D:1      | 0 ||| qw: Game counter: 1269
     0 | D:1      | 0 ||| qw: Always use a shield: true
     0 | D:1      | 0 ||| qw: God list: Okawaru
     0 | D:1      | 0 ||| qw: Allow faded altars: false
     0 | D:1      | 0 ||| qw: Do Orc after D:15 true
     0 | D:1      | 0 ||| qw: Do second Lair branch before Depths: true
     0 | D:1      | 0 ||| qw: Lair rune preference: random
     0 | D:1      | 0 ||| qw: Plans: Normal
     0 | D:1      | 0 ||| PLANNING D:1-11
    50 | D:1      | 50 ||| Stepping ~*~*~tactically~*~*~ (stealth).
   140 | D:1      | Reached XP level 2. HP: 13/17 MP: 6/6
   141 | D:1      | Reached skill level 3 in Axes
   141 | D:1      | 141 ||| Stepping ~*~*~tactically~*~*~ (stealth).
   142 | D:1      | 142 ||| Stepping ~*~*~tactically~*~*~ (stealth).
   249 | D:1      | 249 ||| Stepping ~*~*~tactically~*~*~ (stealth).
   646 | D:1      | Found a faded altar of an unknown god.
   797 | D:1      | 797 ||| UPGRADING to +0 ring mail.
   807 | D:1      | 807 ||| DROPPING +0 leather armour.
   808 | D:1      | 808 ||| UPGRADING to +6 ring of dexterity.
   809 | D:1      | 809 ||| READING scroll labelled UCWOX LEDYRUUSCH.
   810 | D:1      | 810 ||| READING scroll labelled TAUD VIZ YRPH.
   814 | D:1      | 814 ||| DROPPING scroll of blinking.
   839 | D:2      | Reached XP level 3. HP: 21/21 MP: 7/7
   959 | D:2      | 959 ||| Stepping ~*~*~tactically~*~*~ (hiding).
   970 | D:2      | Reached skill level 4 in Axes
  1032 | D:2      | 1032 ||| Stepping ~*~*~tactically~*~*~ (hiding).
  1035 | D:2      | 1035 ||| Stepping ~*~*~tactically~*~*~ (hiding).
  1065 | D:2      | 1065 ||| DROPPING +0 club.
  1116 | D:2      | 1116 ||| FLEEEEING.
  1117 | D:2      | 1117 ||| FLEEEEING.
  1118 | D:2      | 1118 ||| FLEEEEING.
  1119 | D:2      | 1119 ||| FLEEEEING.
  1120 | D:2      | 1120 ||| FLEEEEING.
  1121 | D:2      | 1121 ||| FLEEEEING.
  1333 | D:2      | Reached XP level 4. HP: 14/26 MP: 8/8
  1676 | D:2      | 1676 ||| DROPPING +0 mace.
  1800 | D:2      | 1800 ||| READING scroll labelled JUV LUSIAS.
  1943 | D:3      | Found an ornate altar of the Wu Jian Council.
  1945 | D:3      | Found a radiant altar of Vehumet.
  1945 | D:3      | Found a shadowy altar of Dithmenos.
  1988 | D:3      | Found a shadowy altar of Dithmenos.
  1988 | D:3      | Found a white marble altar of Elyvilon.
  1988 | D:3      | Found a shimmering altar of Xom.
  2076 | D:3      | Reached skill level 5 in Axes
  2350 | D:3      | 2350 ||| SWAPPING to +0 war axe.
  2351 | D:3      | 2351 ||| DROPPING +0 hand axe.
  2620 | D:3      | Gained mutation: Your magical nature lets you fly swiftly
                  | and evasively. [Tengu growth]
  2620 | D:3      | Reached XP level 5. HP: 30/30 MP: 9/9
  2725 | D:3      | 2725 ||| READING scroll labelled VUAHAPTAXUM.
  2726 | D:3      | 2726 ||| READING scroll labelled ZEAS XAGRIEMI.
  2727 | D:3      | 2727 ||| DRINKING 2 fuming sapphire potions.
  2728 | D:3      | 2728 ||| Stepping randomly (stuck).
  2729 | D:3      | 2729 ||| Stepping ~*~*~tactically~*~*~ (cloud).
  3033 | D:4      | Found an ornate altar of the Wu Jian Council.
  3144 | D:4      | Reached skill level 6 in Axes
  3221 | D:4      | HP: 5/30 [acid (4)]
  3222 | D:4      | 3222 ||| DRINKING potion of heal wounds.
  3224 | D:4      | Reached skill level 3 in Dodging
  3292 | D:4      | 3292 ||| DROPPING +2 mace of pain.
  3364 | D:4      | Reached XP level 6. HP: 23/35 MP: 10/10
  3655 | D:4      | 3655 ||| Stepping ~*~*~tactically~*~*~ (stealth).
  3658 | D:4      | 3658 ||| Stepping ~*~*~tactically~*~*~ (stealth).
  3659 | D:4      | 3659 ||| Stepping ~*~*~tactically~*~*~ (stealth).
  3691 | D:4      | Noticed Edmund
  3695 | D:4      | Noticed a black bear
  3701 | D:4      | Slain by an ogre

Levels and vault maps discovered:
D:1:      mainiacjoe_arrival_reflecting_pool, layout_rooms,
          ebering_ecumenical_altar_hall
D:2:      layout_rooms, hex_tiny, minivault_11
D:3:      layout_loops_ring, doesnt_xom_only_xom, grunt_decor_resistance,
          minmay_misc_feat_rugged
D:4:      layout_basic, nicolae_elyvilon_temple_path,
          mainiacjoe_overflow_catwalk, uniq_edmund

Skill      XL: |  1  2  3  4  5 |
---------------+----------------+-----
Axes           | 3 4 5 6 |  6.7
Dodging        | 3 |  3.2
Fighting       | |  2.0
Throwing       | |  1.0
Armour         | |  1.1
Spellcasting   | |  2.0
Translocations | |  2.4

Action                   |  1- 3 |  4- 6 || total
-------------------------+-------+-------++-------
Melee: Hand axe          |    73 |    42 ||   115
       Peck              |    11 |    22 ||    33
       Kick              |    13 |    22 ||    35
       War axe           |       |    42 ||    42
Throw: Boomerang         |     7 |       ||     7
  Use: Scroll            |     2 |     3 ||     5
       Potion            |       |     2 ||     2
Armor: Leather armour    |     8 |       ||     8
       Ring mail         |    12 |    21 ||    33
Dodge: Dodged            |    28 |    42 ||    70

Table legend:
 A = Non-vault XP
 B = Vault XP
 C = Vault XP percentage of total XP
 D = Non-vault monster count
 E = Vault monster count
 F = Vault count percentage of total count
                 A         B        C        D         E       F
            +---------+---------+-------+---------+---------+-------
      Total |     425 |       0 |   0.0 |      65 |       0 |   0.0
            +---------+---------+-------+---------+---------+-------
        D:1 |      33 |       0 |   0.0 |      21 |       0 |   0.0
        D:2 |      57 |       0 |   0.0 |      18 |       0 |   0.0
        D:3 |      85 |       0 |   0.0 |      14 |       0 |   0.0
        D:4 |     250 |       0 |   0.0 |      12 |       0 |   0.0
            +---------+---------+-------+---------+---------+-------
